 Dungeon Crawl Stone Soup version 0.30.0-19-g36f170ea60 (webtiles) character file.

Game seed: 17477468678773128934

2129 Brutalitops the Sneak (level 9, -7/93 HPs)
             Began as a Vampire Fire Elementalist on May 27, 2023.
             Was a Believer of Uskayaw.
             Mangled by a gnoll
             ... wielding a +0 halberd
             ... led by a gnoll bouda
              (9 damage)
             ... on level 7 of the Dungeon.
             The game lasted 00:23:54 (6313 turns).

Brutalitops the Sneak (Vampire Fire Elementalist)   Turns: 6313, Time: 00:23:55

Health: -7/93      AC:  6    Str:  7    XL:     9   Next: 8%
Magic:  14/18      EV: 13    Int: 25    God:    Uskayaw [**....]
Gold:   356        SH:  0    Dex: 23    Spells: 12/20 levels left

rFire   + . .        e - +1 short sword (flame)
rCold   . . .        (no shield)
rNeg    . . .        s - +1 robe {rF+}
rPois   .            (no helmet)
rElec   .            w - +0 cloak
rCorr   .            q - +0 pair of gloves
SInv    +            d - +0 pair of boots
Will    .....        (no amulet) Stlth
                     j - +6 ring of dexterity
HPRegen 0.55/turn    l - +6 ring of intelligence
MPRegen 0.16/turn

%: no passive effects
@: berserking, weakened, healing quickly, very quick
A: alive, fangs 3, see invisible, vampiric 2
a: Exsanguinate, Renounce Religion, Stomp, Line Pass


You were on level 7 of the Dungeon.
You worshipped Uskayaw.
Uskayaw was noncommittal.
You visited 1 branch of the dungeon, and saw 7 of its levels.
You also visited: Sewer.

You collected 356 gold pieces.

Inventory:

Hand Weapons
 e - a +1 short sword of flaming (weapon)
 x - a +0 long sword
Armour
 a - a +0 robe
 d - a +0 pair of boots (worn)
 m - a +0 leather armour
 q - a +0 pair of gloves (worn)
 s - a +1 robe of fire resistance (worn)
 w - a +0 cloak (worn)
Jewellery
 j - a +6 ring of dexterity (left hand)
 l - a +6 ring of intelligence (right hand)
Wands
 u - a wand of polymorph (7)
Scrolls
 k - a scroll of brand weapon
 n - 2 scrolls of fog
 r - a scroll of summoning
 v - a scroll of blinking
Potions
 b - a potion of magic
 c - a potion of might
 f - 2 potions of heal wounds
 g - a potion of attraction
 h - a potion of cancellation
 i - a potion of berserk rage
 o - 4 potions of curing
 p - 2 potions of brilliance
 t - a potion of flight


   Skills:
 + Level 2.9 Fighting
 + Level 4.6 Short Blades
 + Level 2.2 Armour
 - Level 2.1 Dodging
 + Level 7.7 Stealth
 + Level 0.2 Unarmed Combat
 + Level 6.1 Spellcasting
 + Level 1.0 Conjurations
 + Level 5.7 Fire Magic


You had 12 spell levels left.
You knew the following spells:

 Your Spells              Type           Power      Damage    Failure   Level
a - Foxfire               Conj/Fire      96%        2x1d8     1%          1
b - Scorch                Fire           72%        2d8       1%          2
c - Sandblast             Erth           14%        2d6       8%          1
d - Flame Wave            Conj/Fire      24%        2d8       19%         4

Your spell library contained the following spells:

 Spells                   Type           Power      Damage    Failure   Level
 Magic Dart               Conj           48%        1d5       4%          1
 Inner Flame              Hex/Fire       22%        N/A       7%          3
 Volatile Blastmotes      Fire/Tloc      44%        2d13      7%          3
 Freeze                   Ice            28%        1d5       8%          1
 Slow                     Hex            28%        N/A       8%          1
 Searing Ray              Conj           24%        2d5       8%          2
 Passwall                 Tmut/Erth      5%         N/A       11%         2
 Hailstorm                Conj/Ice       10%        3d5       19%         3
 Stone Arrow              Conj/Erth      20%        3d8       19%         3
 Confusing Touch          Hex            7%         N/A       22%         3
 Frozen Ramparts          Ice            14%        1d3       22%         3
 Vampiric Draining        Necr           7%         2d6       22%         3
 Fulminant Prism          Conj/Hex       5%         3d7       52%         4


Dungeon Overview and Level Annotations

Branches:
Dungeon (7/15)             Temple (0/1) D:4           Sewer (visited)

Altars:
Gozag
Qazlal
Ru
Sif Muna
Uskayaw
Yredelemnul


Innate Abilities, Weirdness & Mutations

Your natural rate of healing is accelerated.
You have razor-sharp teeth.
You have supernaturally acute eyesight. (SInv)
You are afflicted with vampirism and can become a bat while bloodless.


Message History

The gnoll is no longer more vulnerable to fire.
The gnoll closely misses you. The gnoll barely misses you.
The gnoll bouda gazes fiercely through you!
You feel as though you will be weak longer.
The gnoll bouda closely misses you. The gnoll closely misses you.
You hit the gnoll bouda but do no damage.
The gnoll bouda is severely wounded.
The gnoll bouda is no longer more vulnerable to fire.
The gnoll misses you. The gnoll hits you with a +0 halberd!
* * * LOW HITPOINT WARNING * * *
The gnoll bouda misses you.
The gnoll hits you from afar with a +0 halberd.
* * * LOW HITPOINT WARNING * * *
You barely miss the gnoll bouda.
You bite the gnoll bouda, but do no damage.
The gnoll bouda is severely wounded.
The gnoll barely misses you. The gnoll hits you with a +0 halberd.
* * * LOW HITPOINT WARNING * * *
The gnoll bouda mumbles some strange prayers to its god.
The gnoll bouda is healed somewhat.
The gnoll misses you.
Okay, then.
A red film seems to cover your vision as you go berserk!
You feel yourself moving faster!
You feel mighty! The gnoll hits you with a +0 spear.
* * * LOW HITPOINT WARNING * * *
The gnoll misses you.
The gnoll bouda gazes fiercely through you!
You feel as though you will be weak longer.
The gnoll bouda hits you but does no damage.
The gnoll barely misses you.
You hit the gnoll bouda but do no damage.
You bite the gnoll bouda.
The gnoll bouda is severely wounded.
You puncture the gnoll bouda! You burn the gnoll bouda.
You kill the gnoll bouda!
The gnoll hits you with a +0 spear.
* * * LOW HITPOINT WARNING * * *
The gnoll closely misses you.
The gnoll hits you from afar with a +0 halberd!
You die...

#... ... #..# #...
#######.. #..#
......... #..#
##....#.####### #..#
..............# #..#.##
#....#.#####.####..#...
### #.# #......(.# ##
#@# #..####.##
+)gg..#..# #.#
##g##.#..####.### ...
#..##.....# #.#
#..##.#.#.# #.#
#..##.#.#.# #.# #..
#.#.# # #.# #.#.#.#
#.#.#.#


You could see 3 gnolls.

Vanquished Creatures
  Pikel (D:6)
  A shadow (D:6)
  An ogre (D:6)
  2 phantoms
  3 bullfrogs
  3 scorpions
  4 wights (D:6)
  2 howler monkeys
  5 hounds
  2 orc priests (D:6)
  Crazy Yiuf (D:6)
  2 gnoll boudas
  2 iguanas
  3 orc wizards
  12 adders
  2 gnolls
  A river rat (D:3)
  3 worms (D:3)
  3 dart slugs
  7 orcs
  7 endoplasms
  13 giant cockroaches
  6 goblins
  5 hobgoblins
  5 jackals (D:2)
  4 kobolds
  5 quokkas
  10 ball pythons
  4 bats
  3 frilled lizards (Sewer)
  6 rats
128 creatures vanquished.

Vanquished Creatures (others)
  31 foxfires
31 creatures vanquished.

Grand Total: 159 creatures vanquished

Notes
Turn   | Place    | Note
-------+----------+-------------------------------------------
     0 | D:1      | Brutalitops the Vampire Fire Elementalist began the quest
                  | for the Orb.
     0 | D:1      | Reached XP level 1. HP: 13/13 MP: 3/3
   202 | D:1      | Reached skill level 1 in Short Blades
   202 | D:1      | Reached XP level 2. HP: 10/20 MP: 5/5
   329 | D:1      | Learned a level 2 spell: Scorch
   445 | D:1      | Learned a level 1 spell: Sandblast
   932 | D:2      | Reached skill level 4 in Stealth
  1003 | D:2      | Reached skill level 1 in Fighting
  1003 | D:2      | Gained mutation: You are afflicted with vampirism and can
                  | become a bat while bloodless. [Vampire growth]
  1003 | D:2      | Reached XP level 3. HP: 24/26 MP: 6/6
  1589 | D:2      | Found a faded altar of an unknown god.
  1596 | D:2      | Prayed at the altar of an unknown god.
  1596 | D:2      | Became a worshipper of Uskayaw the Reveller
  1596 | D:2      | Reached * piety under Uskayaw
  1837 | D:3      | Reached ** piety under Uskayaw
  1839 | D:3      | Reached XP level 4. HP: 32/32 MP: 0/7
  1864 | D:3      | Reached skill level 1 in Conjurations
  1879 | D:3      | Found a glowing drain.
  1888 | Sewer    | Entered a sewer
  1917 | Sewer    | Reached skill level 1 in Armour
  2077 | Sewer    | Reached XP level 5. HP: 37/37 MP: 8/8
  2209 | Sewer    | Reached skill level 5 in Stealth
  2213 | Sewer    | Reached *** piety under Uskayaw
  2214 | Sewer    | Reached XP level 6. HP: 32/44 MP: 4/10
  2649 | D:3      | Found a shimmering blue altar of Sif Muna.
  2761 | D:3      | Found a hide-covered altar of Uskayaw.
  3558 | D:4      | Found a basalt altar of Yredelemnul.
  3656 | D:4      | Found a staircase to the Ecumenical Temple.
  4195 | D:5      | Entered Level 5 of the Dungeon
  4228 | D:5      | Reached XP level 7. HP: 10/50 MP: 6/12
  4441 | D:5      | You fall into a shaft and drop 1 floor!
  4493 | D:5      | Reached **** piety under Uskayaw
  4561 | D:5      | Found a sacrificial altar of Ru.
  4852 | D:5      | Found a stormy altar of Qazlal.
  4861 | D:5      | Found an opulent altar of Gozag.
  4933 | D:5      | Reached skill level 6 in Stealth
  4941 | D:5      | Reached ***** piety under Uskayaw
  5393 | D:6      | Found a runed translucent door.
  5394 | D:6      | Noticed Crazy Yiuf
  5402 | D:6      | Killed Crazy Yiuf
  5403 | D:6      | Reached XP level 8. HP: 36/57 MP: 9/14
  5688 | D:6      | Reached skill level 5 in Spellcasting
  5761 | D:6      | Reached skill level 5 in Fire Magic
  5770 | D:6      | Reached skill level 7 in Stealth
  6072 | D:6      | Noticed Pikel
  6086 | D:6      | Killed Pikel
  6087 | D:6      | Reached XP level 9. HP: 46/62 MP: 9/18
  6093 | D:6      | Learned a level 4 spell: Flame Wave
  6313 | D:7      | HP: 2/93 [gnoll/+0 spear[a gnoll bouda] (4)]
  6313 | D:7      | Mangled by a gnoll

Illustrated notes

Levels and vault maps discovered:
D:1:      lightli_arrival_flooded_house, layout_basic, minmay_cupped
D:2:      minmay_door_path, layout_rooms, dilly_ecumenical_altar_fadedgnrine
D:3:      layout_basic, nicolae_overflow_crystal_walls,
          kennysheep_orc_sif_temple, lightli_sewer_entry_pipes,
          hangedman_abyss_or_decor_stabs, grunt_ministairs_10
D:4:      layout_rooms, mainiacjoe_overflow_alcove_2, zin_scriptorium,
          temple_doors_ab, nicolae_eternal_life,
          nicolae_concentric_dashed_squares_wild
D:5:      layout_rooms, nicolae_ru_great_annihilating_truth,
          mainiacjoe_overflow_swirl, kennysheep_opposing_triangles
D:6:      layout_loops_ring, hangedman_decor_growths, uniq_pikel,
          uniq_crazy_yiuf_cottage
D:7:      minmay_s_stair_smasher, layout_basic, lemuel_doored_altar,
          nemelex_xobeh_ov_fountains_minmay, enter_bailey_5,
          hangedman_feature_mirror, uniq_duvessa

Skill      XL: |  1  2  3  4  5  6  7  8 |
---------------+-------------------------+-----
Short Blades   | 1 2 3 4 |  4.6
Stealth        | 4 5 6 7 |  7.7
Fighting       | 1 2 |  2.9
Conjurations   | 1 |  1.0
Armour         | 1 2 |  2.2
Fire Magic     | 3 4 5 |  5.7
Spellcasting   | 3 4 6 |  6.1
Dodging        | |  2.1
Unarmed Combat | |  0.2

Action                     |  1- 3 |  4- 6 |  7- 9 || total
---------------------------+-------+-------+-------++-------
  Melee: Short sword       |    86 |    96 |   107 ||   289
         Bite              |     6 |    10 |    17 ||    33
         Unarmed           |     1 |       |       ||     1
         Punch             |       |     1 |     1 ||     2
   Cast: Foxfire           |    15 |     3 |       ||    18
         Scorch            |     9 |    29 |    43 ||    81
    Use: Scroll            |     6 |     4 |     7 ||    17
         Potion            |       |       |     2 ||     2
   Stab: Sleeping          |     7 |     9 |     3 ||    19
         Paralysed         |       |       |     8 ||     8
 Armour: Robe              |     4 |       |    22 ||    26
         Leather armour    |    17 |    31 |       ||    48
  Dodge: Dodged            |    33 |    56 |    75 ||   164
